 Dungeon Sprint DCSS version 0.23-a0-701-gd76f34b (webtiles) character file.

30819 Lanoc the Fencer (level 13, -6/175 HPs)
             Began as a Demonspawn Berserker on Jan 13, 2019.
             Was the Champion of Trog.
             Hit by a steel javelin thrown by a merfolk javelineer (17 damage)
             ... in the Dungeon (Sprint IX: "|||||||||||||||||||||||||||||").
             The game lasted 00:13:23 (2848 turns).

Lanoc the Fencer (Demonspawn Berserker)             Turns: 2848, Time: 00:13:24

Health: -6/175     AC: 22    Str: 30    XL:     13   Next: 22%
Magic:  13/13      EV: 19    Int:  8    God:    Trog [******]
Gold:   1868       SH:  0    Dex: 14    Spells: 12/12 levels left

rFire    x . .     SeeInvis .   z - +7 great sword of Rihusa {drain, rN+}
rCold    + + +     Gourm    +   (shield currently unavailable)
rNeg     + . .     Faith    .   v - +1 ice dragon scales
rPois    .         Spirit   .   y - +1 hat {MR+}
rElec    .         Reflect  .   C - scarf {repulsion}
rCorr    .         Harm     .   (gloves unavailable)
MR       +++..     NoTele   +   o - +0 pair of boots
Stlth    ..........             j - amulet of the gourmand
HPRegen  1.39/turn              r - +3 ring of strength
MPRegen  0.13/turn              q - +2 ring of protection

@: berserking, lethally poisoned (-6 -> -10), regenerating, repel missiles, very
quick
A: claws 3, slimy green scales 1, cold resistance 1, spiny 2
a: Berserk, Trog's Hand, Brothers in Arms, Renounce Religion


You were in the Dungeon.
You worshipped Trog.
Trog was exalted by your worship.
You were full.

You visited 1 branch You collected 1868 gold pieces.

Inventory:

Hand Weapons
 b - the +4 great sword "Vodweuxes" {flame, *Noise rElec Str+4}
   (Trog gifted it to you in the Dungeon)

   It has been specially enchanted to burn those struck by it, causing extra
   injury to most foes and up to half again as much damage against particularly
   susceptible opponents.
   Big, fiery blades are also staple armaments of hydra-hunters.
   It affects your strength (+4).
   It insulates you from electricity.
   It may make noises in combat.
 p - a +4 antimagic triple sword
 w - a +4 shortbow of flaming
 z - the +7 great sword of Rihusa (weapon) {drain, rN+}
   (Trog gifted it to you in the Dungeon)

   A truly terrible weapon, it drains the life of those it strikes.
   It protects you from negative energy.
Armour
 n - a +0 pair of gloves
 o - a +0 pair of boots (worn)
 v - +1 ice dragon scales (worn)
 y - a +1 hat of magic resistance (worn)
 C - a scarf of repulsion (worn)
Jewellery
 j - an amulet of the gourmand (around neck)
 q - a +2 ring of protection (right claw)
 r - a +3 ring of strength (left claw)
 B - an uncursed ring of protection from cold
Wands
 m - a wand of acid (10)
Scrolls
 a - 3 scrolls of identify
 i - 2 scrolls of blinking
 l - 4 scrolls of remove curse
 t - 6 scrolls of enchant armour
 u - a scroll of fear
 x - 3 scrolls of magic mapping
 G - a scroll of fog
Potions
 d - 6 potions of curing
 e - 3 potions of heal wounds
 f - 4 potions of haste
 g - 4 potions of magic
 h - 2 potions of berserk rage
 k - a potion of invisibility
 E - a potion of resistance
 F - a potion of mutation
Comestibles
 c - 11 rations


   Skills:
 + Level 15.8 Fighting
 * Level 19.6 Long Blades
 + Level 14.6 Armour
 + Level 14.6 Dodging


You had 12 spell levels left.
You didn't know any spells.
Your spell library was empty.

Dungeon Overview and Level Annotations

Branches:
Dungeon (1/1)

Altars:
Cheibriados
Dithmenos
Elyvilon
Fedhas
Gozag
Hepliaklqana
Kikubaaqudgha
Makhleb
Nemelex Xobeh
Okawaru
Qazlal
Ru
Sif Muna
Trog
Uskayaw
Vehumet
Wu Jian
Xom
Yredelemnul
Zin
The Shining One
Beogh
Jiyva
Lugonu

Shops:
D [(}(


Innate Abilities, Weirdness & Mutations

You have claws for hands.
You are partially covered in slimy green scales. (AC +2)
Your flesh is cold resistant. (rC+)
You are mostly covered in sharp spines.


Message History

The merfolk javelineer is severely wounded.
You feel sick.
The merfolk hits you but does no damage.
You completely miss the merfolk javelineer.
The merfolk javelineer is severely wounded.
You feel sick.
The merfolk javelineer throws a steel javelin.
The steel javelin hits you!!
* * * LOW HITPOINT WARNING * * *
You barely miss the merfolk javelineer.
The merfolk javelineer is severely wounded.
You feel sick.
The merfolk hits you from afar with a +0 trident!
* * * LOW HITPOINT WARNING * * *
You barely miss the merfolk javelineer.
The merfolk javelineer is severely wounded.
You feel sick.
The merfolk javelineer throws a steel javelin.
The steel javelin hits you!
You die...

▓▓▓▓▓▓▓▓▓▓▓▓▓▓▓▓▓▓▓▓▓▓♣
(.)(().)..(.')))@mm...+
▓▓▓▓▓▓▓▓▓▓▓▓▓▓▓▓▓▓▓▓▓▓♣♣♣♣♣♣♣♣♣♣▓
...())((((((...........[†........
▓▓▓▓▓▓▓▓▓▓▓▓▓▓▓▓▓▓▓▓▓▓▓▓▓▓▓▓▓▓▓▓▓
.[.[[...[........[.(()).)())))..)
▓▓▓▓▓▓▓▓▓▓▓▓▓▓▓▓▓▓▓▓▓▓▓▓▓▓▓▓▓▓▓▓▓
............................))...
▓▓▓▓▓▓▓▓▓▓▓▓▓▓▓▓▓▓▓▓▓▓▓▓▓▓▓▓▓▓▓▓▓
...))))))).....))).....∩.∩.∩)∩[..


You could see a merfolk javelineer and a merfolk.

Vanquished Creatures
  Gastronok (D)
  A very ugly thing (D)
  A vampire knight (D)
  Nessos (D)
  4 ogre magi (D)
  An ettin (D)
  A naga warrior (D)
  A rakshasa (D)
  A hydra (D)
  A merfolk avatar (D)
  A centaur warrior (D)
  An anaconda (D)
  4 two-headed ogres (D)
  A naga sharpshooter (D)
  A sea snake (D)
  Nergalle (D)
  A naga ritualist (D)
  An ugly thing (D)
  2 orc knights (D)
  2 wolf spiders (D)
  An orb spider (D)
  An orc sorcerer (D)
  A manticore (D)
  4 black mambas (D)
  A guardian serpent (D)
  2 spiny frogs (D)
  A yaktaur (D)
  An efreet (D)
  3 komodo dragons (D)
  A demonic crawler (D)
  2 jumping spiders (D)
  6 polar bears (D)
  A wind drake (D)
  3 merfolk (D)
  3 hippogriffs (D)
  A slime creature (D)
  A redback (D)
  2 tarantellas (D)
  A wraith (D)
  A wyvern (D)
  Eustachio (D)
  A naga (D)
  A soldier ant (shapeshifter) (D)
  A water moccasin (D)
  A porcupine (D)
  3 black bears (D)
  7 orc warriors (D)
  A sky beast (D)
  7 ogres (D)
  An ice beast (D)
  A wolf (D)
  2 crocodiles (D)
  4 bullfrogs (D)
  A howler monkey (D)
  A crimson imp (D)
  A jelly (D)
  2 orc priests (D)
  4 orc wizards (D)
  2 worker ants (D)
  2 iguanas (D)
  An adder skeleton (D)
  An adder zombie (D)
  A worm (D)
  10 orcs (D)
  A ball python (D)
  A bat (D)
  A giant cockroach (D)
  A hobgoblin (D)
  A frilled lizard (D)
127 creatures vanquished.

Vanquished Creatures (collateral kills)
  An unseen horror (D)
  A vampire (D)
  A howler monkey (D)
3 creatures vanquished.

Grand Total: 130 creatures vanquished

Notes
Turn   | Place    | Note
-------+----------+-------------------------------------------
     0 | D        | Lanoc the Demonspawn Berserker began the quest for the Orb.
     0 | D        | Reached XP level 1. HP: 18/18 MP: 1/1
     8 | D        | Reached skill level 3 in Long Blades
    12 | D        | Reached ** piety under Trog
   130 | D        | Noticed a worker ant
   130 | D        | Noticed an iguana
   130 | D        | Noticed a howler monkey
   130 | D        | Noticed a worker ant
   134 | D        | Killed a worker ant
   134 | D        | Reached skill level 4 in Long Blades
   134 | D        | Gained mutation: You are partially covered in sharp spines.
                  | [demonic ancestry]
   134 | D        | Reached XP level 2. HP: 25/25 MP: 2/2
   134 | D        | Gained mutation: You are mostly covered in sharp spines.
                  | [demonic ancestry]
   134 | D        | Reached XP level 3. HP: 30/30 MP: 3/3
   138 | D        | Reached *** piety under Trog
   138 | D        | Reached skill level 5 in Long Blades
   140 | D        | Reached XP level 4. HP: 38/38 MP: 4/4
   146 | D        | Reached skill level 5 in Fighting
   146 | D        | Reached skill level 6 in Long Blades
   165 | D        | Found a roughly hewn altar of Beogh.
   165 | D        | Found a snail-covered altar of Cheibriados.
   165 | D        | Found a shadowy altar of Dithmenos.
   165 | D        | Found a white marble altar of Elyvilon.
   165 | D        | Found a blossoming altar of Fedhas.
   165 | D        | Found an opulent altar of Gozag.
   166 | D        | Found a hazy altar of Hepliaklqana.
   167 | D        | Found a viscous altar of Jiyva.
   168 | D        | Found an ancient bone altar of Kikubaaqudgha.
   169 | D        | Found a corrupted altar of Lugonu.
   170 | D        | Found a burning altar of Makhleb.
   171 | D        | Found a sparkling altar of Nemelex Xobeh.
   172 | D        | Found an iron altar of Okawaru.
   173 | D        | Found a stormy altar of Qazlal.
   174 | D        | Found a sacrificial altar of Ru.
   175 | D        | Found a deep blue altar of Sif Muna.
   176 | D        | Found a bloodstained altar of Trog.
   177 | D        | Found a hide-covered altar of Uskayaw.
   178 | D        | Found a radiant altar of Vehumet.
   179 | D        | Found an ornate altar of the Wu Jian Council.
   180 | D        | Found a shimmering altar of Xom.
   181 | D        | Found a basalt altar of Yredelemnul.
   182 | D        | Found a glowing silver altar of Zin.
   183 | D        | Found a glowing golden altar of the Shining One.
   247 | D        | Noticed an ice beast
   247 | D        | Noticed a wraith
   247 | D        | Noticed an orc warrior
   252 | D        | Reached **** piety under Trog
   252 | D        | Gained mutation: Your flesh is cold resistant. (rC+)
                  | [demonic ancestry]
   252 | D        | Reached XP level 5. HP: 44/44 MP: 5/5
   257 | D        | Killed an ice beast
   257 | D        | Reached skill level 7 in Long Blades
   257 | D        | Reached skill level 5 in Armour
   257 | D        | Reached skill level 5 in Dodging
   268 | D        | Killed a wraith
   268 | D        | Reached skill level 8 in Long Blades
   268 | D        | Reached XP level 6. HP: 51/53 MP: 6/6
   275 | D        | Reached ***** piety under Trog
   280 | D        | Killed an orc warrior
   280 | D        | Reached skill level 9 in Long Blades
   395 | D        | Noticed a two-headed ogre
   395 | D        | Noticed a two-headed ogre
   395 | D        | Noticed a vampire
   401 | D        | Gained mutation: You have sharp fingernails. [demonic
                  | ancestry]
   401 | D        | Reached XP level 7. HP: 60/60 MP: 7/7
   409 | D        | Killed a two-headed ogre
   409 | D        | Reached skill level 10 in Long Blades
   409 | D        | Gained mutation: You have very sharp fingernails. [demonic
                  | ancestry]
   409 | D        | Reached XP level 8. HP: 68/69 MP: 8/8
   417 | D        | Killed a two-headed ogre
   417 | D        | Received a gift from Trog
   417 | D        | Reached skill level 11 in Long Blades
   439 | D        | Killed an unseen horror
   439 | D        | Reached skill level 12 in Long Blades
   439 | D        | Reached XP level 9. HP: 34/78 MP: 9/9
   833 | D        | Noticed a komodo dragon
   833 | D        | Noticed a six-headed hydra
   833 | D        | Noticed a black mamba
   833 | D        | Noticed a komodo dragon
   838 | D        | Killed a komodo dragon
   838 | D        | Reached skill level 10 in Fighting
   845 | D        | Killed a three-headed hydra
   845 | D        | Reached skill level 13 in Long Blades
   852 | D        | Killed a black mamba
   858 | D        | Killed a komodo dragon
   861 | D        | Gained mutation: You are partially covered in slimy green
                  | scales. (AC +2) [demonic ancestry]
   861 | D        | Reached XP level 10. HP: 55/87 MP: 10/10
   862 | D        | Noticed a spiny frog
   868 | D        | Killed a spiny frog
   868 | D        | Reached skill level 10 in Armour
   868 | D        | Reached skill level 10 in Dodging
  1094 | D        | Noticed a spiny frog
  1099 | D        | Received a gift from Trog
  1110 | D        | Reached skill level 14 in Long Blades
  1114 | D        | Killed a spiny frog
  1133 | D        | Reached ****** piety under Trog
  1136 | D        | Received a gift from Trog
  1198 | D        | Received a gift from Trog
  1355 | D        | Received a gift from Trog
  1355 | D        | Reached skill level 15 in Long Blades
  1395 | D        | Noticed an orc sorcerer
  1395 | D        | Noticed an orc knight
  1401 | D        | Killed an orc sorcerer
  1401 | D        | Received a gift from Trog
  1401 | D        | Reached XP level 11. HP: 96/96 MP: 3/11
  1404 | D        | Noticed an orc knight
  1414 | D        | Killed an orc knight
  1423 | D        | Killed an orc knight
  1433 | D        | Received a gift from Trog
  1630 | D        | Found Zouz's Antique Armour Emporium.
  1634 | D        | Noticed an ogre mage
  1638 | D        | Received a gift from Trog
  1638 | D        | Noticed a two-headed ogre
  1647 | D        | Killed an ogre mage
  1648 | D        | Noticed an ogre mage
  1652 | D        | Killed a two-headed ogre
  1652 | D        | Reached skill level 16 in Long Blades
  1658 | D        | Paralysed by an ogre mage for 3 turns
  1659 | D        | Killed an ogre mage
  1659 | D        | Received a gift from Trog
  1661 | D        | Got a crystal great sword {god gift}
  1664 | D        | Identified the +4 great sword "Vodweuxes" {flame, *Noise
                  | rElec Str+4} (Trog gifted it to you in the Dungeon)
  1670 | D        | Found Beuxuwit's Antique Weapon Shoppe.
  1684 | D        | Found Qoulyoru's Gadget Emporium.
  1688 | D        | Found Zifeb's Antique Weapon Shoppe.
  1692 | D        | Noticed a two-headed ogre
  1692 | D        | Noticed an ogre mage
  1693 | D        | Noticed an ogre mage
  1697 | D        | Killed a two-headed ogre
  1701 | D        | Killed an ogre mage
  1703 | D        | Killed an ogre mage
  1788 | D        | Noticed Eustachio
  1800 | D        | Killed Eustachio
  1800 | D        | Received a gift from Trog
  1997 | D        | Noticed a cyan ugly thing
  2001 | D        | Killed a cyan ugly thing
  2005 | D        | Reached skill level 17 in Long Blades
  2007 | D        | Noticed a centaur warrior
  2013 | D        | Noticed a vampire knight
  2016 | D        | Received a gift from Trog
  2016 | D        | Noticed a cyan very ugly thing
  2018 | D        | Noticed a rakshasa
  2020 | D        | Killed a vampire knight
  2020 | D        | Reached XP level 12. HP: 71/107 MP: 12/12
  2026 | D        | Noticed an ettin
  2026 | D        | Killed a centaur warrior
  2026 | D        | Noticed an ettin
  2032 | D        | Killed a cyan very ugly thing
  2043 | D        | Killed a rakshasa
  2046 | D        | Killed an ettin
  2046 | D        | Received a gift from Trog
  2201 | D        | Noticed Nergalle
  2209 | D        | Killed Nergalle
  2209 | D        | Reached skill level 18 in Long Blades
  2219 | D        | Noticed Gastronok
  2229 | D        | Killed Gastronok
  2255 | D        | Noticed Nessos
  2270 | D        | Killed Nessos
  2270 | D        | Received a gift from Trog
  2572 | D        | Reached skill level 15 in Fighting
  2580 | D        | Received a gift from Trog
  2729 | D        | Noticed an anaconda
  2729 | D        | Noticed a naga warrior
  2738 | D        | Killed an anaconda
  2738 | D        | Received a gift from Trog
  2738 | D        | Reached skill level 19 in Long Blades
  2750 | D        | Killed a naga warrior
  2750 | D        | Gained mutation: You have claws for hands. [demonic
                  | ancestry]
  2750 | D        | Reached XP level 13. HP: 115/116 MP: 13/13
  2761 | D        | Received a gift from Trog
  2769 | D        | Got an ichor-stained great sword {god gift}
  2785 | D        | Identified the +7 great sword of Rihusa {drain, rN+} (Trog
                  | gifted it to you in the Dungeon)
  2804 | D        | Noticed a merfolk javelineer
  2840 | D        | Received a gift from Trog
  2848 | D        | Hit by a steel javelin thrown by a merfolk javelineer

Vault maps used:
D:        linesprint

Skill      XL: |  1  2  3  4  5  6  7  8  9 10 11 12 |
---------------+-------------------------------------+-----
Long Blades    | 4 5 6 8 9 10 12 13 15 17 19 | 19.6
Armour         | 3 4 5 6 7 8 9 11 12 14 | 14.6
Dodging        | 3 4 5 6 7 8 9 11 12 14 | 14.6
Fighting       | 4 5 6 7 8 9 11 12 14 15 | 15.8

Action                   |  1- 3 |  4- 6 |  7- 9 | 10-12 | 13-15 || total
-------------------------+-------+-------+-------+-------+-------++-------
Melee: Falchion          |    30 |    37 |    49 |    83 |       ||   199
       Triple sword      |       |       |       |    85 |       ||    85
       Great sword       |       |       |       |   102 |    60 ||   162
Invok: Berserk           |     1 |     2 |     1 |     5 |     1 ||    10
       Trog's Hand       |       |     2 |     1 |     6 |     1 ||    10
       Brothers in Arms  |       |       |     1 |     1 |       ||     2
  Use: Potion            |       |       |     6 |     2 |       ||     8
  Eat: Chunk             |       |     1 |     3 |    25 |       ||    29
Armor: Animal skin       |     8 |       |       |       |       ||     8
       Chain mail        |       |    14 |    28 |    69 |       ||   111
       Ice dragon scales |       |       |       |    29 |    17 ||    46
Dodge: Dodged            |    26 |    16 |    31 |   138 |    28 ||   239
       Deflected         |       |       |       |     8 |     4 ||    12
       Rpst.: Falchion   |     7 |     7 |     5 |     5 |       ||    24
       Triple sword      |       |       |       |     8 |       ||     8
       Great sword       |       |       |       |     9 |     4 ||    13

Table legend:
 A = Non-vault XP
 B = Vault XP
 C = Vault XP percentage of total XP
 D = Non-vault monster count
 E = Vault monster count
 F = Vault count percentage of total count
                 A         B        C        D         E       F
            +---------+---------+-------+---------+---------+-------
      Total |       0 |   44028 | 100.0 |       0 |     130 | 100.0
            +---------+---------+-------+---------+---------+-------
          D |       0 |   44028 | 100.0 |       0 |     130 | 100.0
            +---------+---------+-------+---------+---------+-------
